 Dungeon Crawl Stone Soup version 0.19.5 (webtiles) character file.

8362 Rester5115 the Basher (level 11, -2/95 HPs)
             Began as a Hill Orc Fighter on Mar 27, 2017.
             Slain by a hill giant
             ... wielding a +0 giant club
              (21 damage)
             ... on level 11 of the Dungeon.
             The game lasted 00:45:00 (8299 turns).

Rester5115 the Basher (Hill Orc Fighter)            Turns: 8299, Time: 00:45:01

Health: -2/95      AC: 13    Str: 23    XL:     11   Next: 29%
Magic:  11/11      EV: 10    Int:  8    God:
Gold:   169        SH:  6    Dex: 10    Spells: 0 memorised, 10 levels left

rFire  . . .     SeeInvis .     A - +4 morningstar (holy)
rCold  . . .     Gourm    .     b - +0 scale mail
rNeg   . . .     Faith    .     B - +0 buckler "Ited" {Slay+3}
rPois  .         Spirit   .     i - +1 helmet
rElec  .         Reflect  .     D - +1 cloak
rCorr  +         Harm     .     (no gloves)
MR     +....                    (no boots)
Stlth  ..........               r - amulet of regeneration
                                j - ring of protection from magic
                                y - ring of resist corrosion

@: about to teleport
A: no striking features
a: no special abilities


You were on level 11 of the Dungeon.
You were hungry.

You visited 1 branch of the dungeon, and saw 12 of its levels.
You also visited: Ossuary.

You collected 489 gold pieces.
You spent 320 gold pieces at shops.

Inventory:

Hand Weapons
 a - a +0 war axe
 e - a +3 flail of draining
 A - a +4 morningstar of holy wrath (weapon)
Armour
 b - a +0 scale mail (worn)
 c - a +0 shield
 i - a +1 helmet (worn)
 m - a +0 helmet
 B - the +0 buckler "Ited" (worn) {Slay+3}
   (You found it on level 5 of the Dungeon)

   It affects your accuracy and damage with ranged weapons and melee attacks
   (+3).
 D - a +1 cloak (worn)
Jewellery
 j - a ring of protection from magic (right hand)
 r - an amulet of regeneration (around neck)
 y - a ring of resist corrosion (left hand)
 C - an uncursed ring of resist corrosion
 F - an uncursed amulet of rage
 R - an uncursed ring of see invisible
Wands
 u - a wand of random effects (18/48)
 w - a wand of paralysis (5/24)
 Q - a wand of digging (8/24)
Scrolls
 d - 4 scrolls of recharging
 f - a scroll of amnesia
 g - a scroll of magic mapping {unknown}
 E - 3 scrolls of remove curse
 L - 4 scrolls of identify
 M - a scroll of vulnerability
 N - a scroll of fog {unknown}
Potions
 h - 2 potions of brilliance
 n - 5 potions of curing {unknown}
 o - 2 potions of agility
 t - 3 potions of magic {unknown}
 v - 2 potions of invisibility {unknown}
 z - 2 potions of flight {unknown}
 H - 3 potions of degeneration {unknown}
 K - 2 potions of mutation {unknown}
 O - a potion of cancellation {unknown}
Books
 x - a book of Beasts

   Spells                             Type                      Level
   a - Summon Butterflies             Summoning                    1
   b - Call Canine Familiar           Summoning                    3
   c - Summon Ice Beast               Ice/Summoning                4
   d - Summon Mana Viper              Hexes/Summoning              5
   e - Summon Hydra                   Summoning                    7
 S - a book of Flames

   Spells                             Type                      Level
   a - Flame Tongue                   Conjuration/Fire             1
   b - Throw Flame                    Conjuration/Fire             2
   c - Conjure Flame                  Conjuration/Fire             3
   d - Inner Flame                    Hexes/Fire                   3
   e - Sticky Flame                   Conjuration/Fire             4
   f - Fireball                       Conjuration/Fire             5
Comestibles
 k - 2 beef jerkies
 l - 2 fruits
 q - 8 bread rations
 s - 2 meat rations


   Skills:
 * Level 8.6 Fighting
 - Level 10.0(12.3) Axes
 + Level 10.2(11.4) Maces & Flails
 + Level 8.7 Armour
 + Level 9.1 Shields


You had 10 spell levels left.
You didn't know any spells.

Dungeon Overview and Level Annotations

Branches:
Dungeon (12/15)              Lair (0/6) D:11
 Temple: D:4-7          Orc: D:9-12

Altars:
Dithmenos
Kikubaaqudgha

Shops:
D:5 }   D:7 ?:[(

Annotations:
D:4 Sigmund


Message History

* * * LOW HITPOINT WARNING * * *
You enter the shallow water.
Moving in this stuff is going to be slow.
The hill giant closely misses you.
The electric eel shoots out a bolt of lightning at you!
The bolt of electricity hits you!
* * * LOW HITPOINT WARNING * * *
You enter the shallow water.
Moving in this stuff is going to be slow.
The jelly quivers.
The vampire mosquito misses you.
The vampire mosquito buzzes angrily.
The vampire mosquito bites you but does no damage. x2
Found 20 bolts.
There is a staircase to the Lair here.
As you read the scroll of teleportation, it crumbles to dust.
You feel strangely unstable.
The vampire mosquito closely misses you.
The hill giant hits you with a giant club!!
You die...

#.........≈.≈.
#....≈..≈.≈...≈.≈.(
#.......≈.≈≈.≈≈≈...
#....≈≈≈.≈.≈≈≈≈≈.≈. ..
#......≈≈≈≈≈≈≈≈≈..≈ ..
#......≈≈≈≈≈≈≈≈≈≈≈≈
..####....≈≈≈≈.≈.≈.≈≈≈≈≈ #...#
...........≈;≈..%.≈≈≈≈≈≈ #...#
...........≈≈.≈C@.≈≈≈≈≈≈ #...#
..........≈≈≈≈.y...J≈≈≈≈ #...#
...........≈≈≈.≈..≈≈≈≈≈≈ #...#
...........≈≈≈.≈...≈≈≈≈. #.(..
............≈≈≈....y≈≈...####....
.........†..≈≈≈≈.≈≈.≈≈.........J.
...........≈≈≈≈≈.≈≈≈..≈........h#
...........≈≈≈≈≈.≈≈≈≈.........yy#
...........≈≈≈.≈.≈≈≈≈≈...#####..#


You could see a hill giant, 2 vampire mosquitoes, a jelly and an electric eel.

Vanquished Creatures
  Gastronok (D:8)
  A hydra (D:9)
  A kobold demonologist (D:11)
  A troll (D:11)
  Prince Ribbit (D:7)
  3 hippogriffs
  A wraith (Ossuary)
  A yak (D:10)
  A wyvern (D:10)
  A hungry ghost (D:7)
  3 ice beasts
  A water moccasin (D:8)
  A sky beast (D:7)
  A phantom (D:5)
  A necrophage (D:8)
  3 wolves (D:11)
  4 ogres
  2 centaurs
  2 elf zombies (Ossuary)
  4 big kobolds (D:11)
  6 bullfrogs
  3 scorpions
  A water moccasin skeleton (D:7)
  4 wights (D:8)
  An electric eel (D:11)
  2 howler monkeys
  4 crimson imps
  A bullfrog zombie (D:8)
  A centaur zombie (D:10)
  2 jellies
  9 hounds
  3 orc priests (D:7)
  Crazy Yiuf (D:7)
  2 bullfrog skeletons
  5 orc wizards
  2 human zombies (Ossuary)
  2 centaur skeletons
  An iguana (D:7)
  Natasha (twice) (D:4)
  Terence (D:3)
  4 worker ants
  2 hound zombies
  3 mummies (Ossuary)
  A worker ant zombie (D:8)
  4 gnolls (D:4)
  12 adders
  3 shadow imps
  2 worms (D:2)
  3 dart slugs
  3 leopard geckos
  18 orcs
  4 bats
  2 giant cockroaches
  10 goblins
  5 hobgoblins
  6 jackals
  9 kobolds
  3 quokkas
  9 frilled lizards
  A gnoll zombie (Ossuary)
  A goblin zombie (Ossuary)
  2 hobgoblin zombies (Ossuary)
  A jackal skeleton (D:4)
  2 kobold zombies (Ossuary)
  A leopard gecko skeleton (D:7)
  An orc zombie (Ossuary)
  A quokka skeleton (D:9)
  10 rats
210 creatures vanquished.

Vanquished Creatures (others)
  A human (D:3)
  A jackal (D:11)
2 creatures vanquished.

Grand Total: 212 creatures vanquished

Notes
Turn   | Place    | Note
-------+----------+-------------------------------------------
     0 | D:1      | Rester5115 the Hill Orc Fighter began the quest for the Orb.
     0 | D:1      | Reached XP level 1. HP: 19/19 MP: 1/1
     0 | D:1      | Noticed a merfolk zombie
     0 | D:1      | Noticed a minotaur zombie
     6 | D:1      | Noticed a minotaur zombie
     7 | D:1      | Noticed a minotaur zombie
    10 | D:1      | Noticed a merfolk zombie
    43 | D:1      | Reached XP level 2. HP: 23/27 MP: 2/2
   243 | D:1      | Reached XP level 3. HP: 33/33 MP: 3/3
   935 | D:2      | Reached XP level 4. HP: 35/40 MP: 4/4
  1264 | D:3      | Noticed Terence
  1285 | D:3      | Killed Terence
  1285 | D:3      | Reached XP level 5. HP: 46/46 MP: 5/5
  1713 | D:3      | Found an ancient bone altar of Kikubaaqudgha.
  1717 | D:3      | Noticed a human
  1719 | D:3      | Killed a human
  2091 | D:4      | Reached skill level 5 in Axes
  2268 | D:4      | Noticed Natasha
  2274 | D:4      | Killed Natasha
  2274 | D:4      | Reached XP level 6. HP: 51/53 MP: 6/6
  2381 | D:4      | Noticed Natasha
  2387 | D:4      | Killed Natasha
  2387 | D:4      | Reached skill level 5 in Shields
  2462 | D:4      | Found a shadowy altar of Dithmenos.
  2500 | D:4      | Noticed Sigmund
  2537 | D:5      | Entered Level 5 of the Dungeon
  2660 | D:5      | Reached XP level 7. HP: 29/60 MP: 7/7
  2981 | D:5      | Got a faintly humming buckler
  2982 | D:5      | Identified the +0 buckler "Ited" {Slay+3} (You found it on level 5 of the Dungeon)
  3255 | D:5      | Found Waudau's Quality Used Wands.
  3328 | D:5      | Reached skill level 5 in Fighting
  3328 | D:5      | Reached skill level 5 in Armour
  3464 | D:5      | Reached XP level 8. HP: 41/68 MP: 8/8
  3752 | D:7      | Found Juxtuqal's Book Emporium.
  3775 | D:7      | Found Disaorunoe's Armour Boutique.
  4020 | D:7      | Reached XP level 9. HP: 62/75 MP: 9/9
  4109 | D:7      | Noticed Prince Ribbit
  4306 | D:7      | Killed Prince Ribbit
  4306 | D:7      | Reached skill level 10 in Axes
  4338 | D:7      | Found a runed door.
  4393 | D:7      | Found Faqaqaim's Antique Weapon Shop.
  4401 | D:7      | Bought a glowing morningstar for 320 gold pieces
  4479 | D:7      | Reached skill level 1 in Maces & Flails
  4741 | D:7      | Found Dutoimum's Magic Scroll Boutique.
  4872 | D:7      | Noticed Crazy Yiuf
  4877 | D:7      | Killed Crazy Yiuf
  5081 | D:8      | Found a sand-covered staircase.
  5086 | Ossuary  | Entered an ossuary
  5749 | D:8      | Noticed Gastronok
  5797 | D:8      | Killed Gastronok
  5797 | D:8      | Reached XP level 10. HP: 21/84 MP: 10/10
  6510 | D:9      | Noticed a five-headed hydra
  6516 | D:9      | Noticed an eight-headed hydra
  6986 | D:9      | Killed a five-headed hydra
  7275 | D:9      | Noticed a deep elf mage
  7309 | D:9      | Noticed a soul eater
  7323 | D:10     | Entered Level 10 of the Dungeon
  7785 | D:10     | Reached XP level 11. HP: 94/94 MP: 11/11
  7831 | D:10     | Noticed a cyclops
  8002 | D:10     | Noticed a hill giant
  8075 | D:11     | Reached skill level 10 in Maces & Flails
  8250 | D:11     | Found a staircase to the Lair.
  8250 | D:11     | Noticed a hill giant
  8299 | D:11     | Slain by a hill giant

Skill      XL: |  1  2  3  4  5  6  7  8  9 10 11 |
---------------+----------------------------------+-----
Axes           | 3 4 5 6 7 9 10 | 10.0
Fighting       | 4 5 6 7 8 |  8.6
Shields        | 4 5 6 7 8 9 |  9.1
Armour         | 4 5 6 7 8 |  8.7
Maces & Flails | 8 9 10 | 10.2

Action                   |  1- 3 |  4- 6 |  7- 9 | 10-12 || total
-------------------------+-------+-------+-------+-------++-------
Melee: War axe           |   115 |   200 |   219 |       ||   534
       Flail             |       |       |    20 |       ||    20
       Morningstar       |       |       |    79 |   188 ||   267
Evoke: Wand              |       |       |     2 |     4 ||     6
  Use: Scroll            |       |     7 |    11 |     9 ||    27
       Potion            |       |     2 |     1 |     2 ||     5
 Stab: Paralysed         |       |       |     7 |       ||     7
  Eat: Bread ration      |       |     1 |       |     1 ||     2
       Meat ration       |       |     1 |     1 |       ||     2
       Chunk             |       |     1 |     2 |       ||     3
       Beef jerky        |       |       |     4 |     2 ||     6
Armor: Scale mail        |    52 |    72 |   108 |   108 ||   340
Dodge: Dodged            |    33 |    54 |   101 |   102 ||   290
Block: Shield            |    71 |   105 |    22 |       ||   198
       Buckler           |       |       |    45 |    82 ||   127
